Cogmind - Beta 13 @@@ ROGUE MODE // 2024.04.14 @ 23:32:37 Player: Millea Result: Destroyed by G-67 Veteran with Plasma Rifle Performance ------------- Evolutions (5) 2500 Regions Visited (15) 3000 Robots Destroyed (268) 1340 Value Destroyed (8617) 8617 Prototype IDs (53) 1060 Alien Tech Used (0) 0 Bonus (1706) 1706 TOTAL SCORE: 18223 Bonus ------- High Alert Combat Kills 1112 Follower Combat Kills 250 Aligned with FarCom 300 Met Imprinter 300 Friendly Fire -256 Cogmind --------- Core Integrity 0/1000 Matter 29/300 Energy 36/100 System Corruption 25% Temperature Cool (2) Movement Flying (35) Location -5/Factory Parts ------- > --- POWER (1) -------- (None) > --- PROPULSION (9) --- Improved Cesium-ion Thruster > --- UTILITY (5) ------ Gravity Neutralizer Advanced Hacking Suite Improved Corruption Screen > --- WEAPON (2) ------- (None) > --- INVENTORY (5) ---- Hacking Suite Hacking Suite Authchip [Propulsion] Peak State ------------ > --- POWER ------------ Light Neutrino Core > --- PROPULSION ------- Improved VTOL Module Xenon Bombardment Thruster Improved Cesium-ion Thruster Cooled VTOL Module Nuclear Pulse Thruster Nuclear Pulse Thruster Biomechanical Wings Field Propulsion Drive Field Propulsion Drive > --- UTILITY ---------- Advanced Heat Sink Medium Storage Unit Hacking Suite Advanced Hacking Suite Advanced Hacking Suite > --- WEAPON ----------- Great Axe CR-A16's Pointy Stick > --- INVENTORY -------- Xenon Bombardment Thruster Xenon Bombardment Thruster Xenon Bombardment Thruster Xenon Bombardment Thruster Improved Cryofiber Web Advanced Heat Sink Advanced Heat Sink Micro-nuke Launcher Spear [Rating: 86] Favorites ----------- Power F-cell Engine Engine F-cell Engine Power Core Nuclear Core Propulsion Xenon Bombardment Thruster Treads Light Treads Leg Improved Titanium Leg Wheel Wheel Hover Unit Improved Hover Unit Flight Unit Xenon Bombardment Thruster Utility Hacking Suite Device Advanced Terrain Scanner Storage Huge Storage Unit Processor Targeting Computer Hackware Hacking Suite Protection Improved Medium Armor Plating Weapon Ripper Energy Gun Heavy Particle Gun Energy Cannon Heavy Ion Cannon Ballistic Gun High-powered Shotgun Ballistic Cannon Improved Light Cannon Launcher Precision Rocket Launcher Impact Weapon Heavy Flail Slashing Weapon Ripper Piercing Weapon CR-A16's Pointy Stick Build | -11 -10 -10 -10 -9 -8 -8 -7 -6 -6 -6 -6 -5 -5 -5 -5 ------- Run | Yrd Mat Min Exi Min Mat Sto Fac Fac Low Low Zio Pro Fac Was Fac Slots Evolved 10 | . . . . . 4 . 2 2 . . . . 2 . . Power . | . . . . . . . . . . . . . . . . Propulsion 7 | . . . . . 1 . 2 2 . . . . 2 . . Utility 3 | . . . . . 3 . . . . . . . . . . Weapon . | . . . . . . . . . . . . . . . . Parts Attached 279 | 7 13 . . 1 39 40 58 45 8 1 4 . 4 1 58 Power 21 | 1 2 . . . 2 3 4 3 . . . . 1 . 5 Engine 13 | 1 2 . . . 2 3 1 1 . . . . 1 . 2 Core 8 | . . . . . . . 3 2 . . . . . . 3 Reactor . | . . . . . . . . . . . . . . . . Propulsion 92 | 2 2 . . . 11 8 29 19 . . . . 1 . 20 Treads 27 | 2 . . . . 9 7 9 . . . . . . . . Leg 2 | . . . . . . . 2 . . . . . . . . Wheel 6 | . 2 . . . 1 . 3 . . . . . . . . Hover 4 | . . . . . . . . 2 . . . . . . 2 Flight 53 | . . . . . 1 1 15 17 . . . . 1 . 18 Utility 77 | 2 6 . . 1 13 6 10 16 2 . . . 2 1 18 Device 20 | . . . . . 1 . . 10 2 . . . 1 . 6 Storage 9 | 2 3 . . 1 . . 1 . . . . . 1 . 1 Processor 10 | . 3 . . . 4 . . 1 . . . . . 1 1 Hackware 12 | . . . . . 1 4 2 1 . . . . . . 4 Protection 26 | . . . . . 7 2 7 4 . . . . . . 6 Artifact . | . . . . . . . . . . . . . . . . Weapon 89 | 2 3 . . . 13 23 15 7 6 1 4 . . . 15 Energy Gun 16 | 1 2 . . . 6 2 3 2 . . . . . . . Energy Cannon 7 | . . . . . 1 . 1 1 2 1 . . . . 1 Ballistic Gun 15 | 1 1 . . . 4 4 3 1 . . . . . . 1 Ballistic Cannon 6 | . . . . . 1 3 . . . . . . . . 2 Launcher 22 | . . . . . . 11 3 2 . . . . . . 6 Special Weapon . | . . . . . . . . . . . . . . . . Impact Weapon 6 | . . . . . 1 3 1 1 . . . . . . . Slashing Weapon 12 | . . . . . . . 4 . 4 . 2 . . . 2 Piercing Weapon 5 | . . . . . . . . . . . 2 . . . 3 Special Melee Weapon . | . . . . . . . . . . . . . . . . Unidentified Prototypes 23 | . . . . . 4 7 3 4 . . . . 1 . 4 Parts Lost 82 | . 3 . . . 10 4 14 8 . . . . . . 43 Power 11 | . 1 . . . 1 1 2 2 . . . . . . 4 Propulsion 38 | . . . . . 2 1 6 2 . . . . . . 27 Utility 20 | . 1 . . . 5 . 4 2 . . . . . . 8 Weapon 13 | . 1 . . . 2 2 2 2 . . . . . . 4 Highest Loss Streak 11 | . 2 . . . 5 2 2 3 . . . . . . 11 To Critical Strikes . | . . . . . . . . . . . . . . . . Average Slot Usage (%) 93 | . 99 100 100 100 96 93 89 62 99 100 100 100 94 94 78 Engine 7 | . 14 14 14 14 8 9 3 . 6 6 6 6 5 5 . Treads 12 | . 22 . . . 24 26 18 . . . . . . . . Wheel 2 | . 5 28 28 28 2 . 2 . . . . . . . . Flight 17 | . . . . . . . 10 25 46 46 46 46 47 47 36 Device 6 | . . . . . . . . 7 19 20 20 20 17 13 5 Storage 5 | . 8 14 14 14 9 9 5 . . . . . . . 1 Processor 9 | . 19 14 14 14 19 10 . 3 6 6 6 6 5 9 1 Hackware 7 | . . . . . 1 15 23 1 . . . . . . 13 Protection 5 | . . . . . 12 5 4 5 6 6 6 6 5 5 1 Energy Gun 6 | . 14 28 28 28 11 2 7 . . . . . . . . Energy Cannon 1 | . . . . . . . . . 1 4 6 6 5 5 . Ballistic Gun 3 | . 14 . . . 5 5 2 4 . . . . . . . Slashing Weapon 2 | . . . . . . . 1 . 10 7 5 . . . . Naked Turns 9 | . . . . . . . . 9 . . . . . . . Heaviest Build 138 | 17 50 50 50 90 112 117 138 134 37 34 34 34 34 34 41 Greatest Support 84 | 40 40 26 26 26 84 60 84 84 47 38 38 38 43 37 55 Greatest Overweight (x) 13 | . 3 1 1 3 9 2 13 4 . . . . . . 1 Average Overweight (x) . | . . 1 1 2 1 1 . . . . . . . . . Largest Inventory Capacity 25 | 8 20 20 20 25 25 25 25 25 5 5 5 5 5 5 10 Average Capacity 15 | 7 10 20 20 24 25 25 19 5 5 5 5 5 5 5 6 Most Carried 25 | 8 20 20 20 25 25 25 25 25 5 5 5 5 5 5 10 Average Carried 14 | 4 9 19 20 22 23 24 18 4 4 5 5 5 4 4 5 Final Capacity 25 | 8 20 20 20 25 25 25 25 5 5 5 5 5 5 5 5 Final Carried 25 | 8 20 20 20 25 25 25 25 5 5 5 5 5 5 5 3 Class Distribution -------------------- 32% | Mutant 30% | Sprinter 14% | Hacker-Mutant 8% | Commander-Mutant 7% | Hacker-Sprinter 5% | Scavenger-Mutant Dominant Class ---------------- Mutant | -10/Materials Mutant | -10/Mines Mutant | -10/Exiles Mutant | -9/Mines Mutant | -8/Materials Hacker-Mutant | -8/Storage Hacker-Mutant | -7/Factory Sprinter | -6/Factory Sprinter | -6/Lower Caves Sprinter | -6/Lower Caves Sprinter | -6/Zion Sprinter | -5/Proximity Caves Ninja | -5/Factory Ninja | -5/Waste Hacker-Sprinter | -5/Factory Resources | -11 -10 -10 -10 -9 -8 -8 -7 -6 -6 -6 -6 -5 -5 -5 -5 ----------- Run | Yrd Mat Min Exi Min Mat Sto Fac Fac Low Low Zio Pro Fac Was Fac Matter Collected 6019 | 273 459 57 . 10 815 1225 869 1044 85 171 . 14 99 10 888 Remotely . | . . . . . . . . . . . . . . . . Salvage Created 9615 | 70 818 . . 101 2287 2360 2485 343 . 72 . 14 99 . 966 Parts 505 | 3 46 . . 2 103 121 131 23 . 3 . 2 4 . 67 Haulers Intercepted 18 | . 2 . . . 6 2 5 . . . . . 1 . 2 Recyclers Shooed 6 | . . . . . 3 2 . . . . . . . . 1 Parts Field Recycled 2 | . . . . . . . . 2 . . . . . . . Retrieved Matter 9 | . . . . . . . . 9 . . . . . . . Parts Self-Destructed 7 | . . . . . . . . . . 5 . 2 . . . Prevented . | . . . . . . . . . . . . . . . . Kills | -11 -10 -10 -10 -9 -8 -8 -7 -6 -6 -6 -6 -5 -5 -5 -5 ------- Run | Yrd Mat Min Exi Min Mat Sto Fac Fac Low Low Zio Pro Fac Was Fac Combat Hostiles Destroyed 187 | . 14 . . 2 36 46 51 19 . 1 . 1 . . 17 Melee 8 | . . . . . . . 5 1 . 1 . . . . 1 Guns 103 | . 14 . . 2 33 16 36 2 . . . . . . . Cannons 13 | . . . . . . 9 1 . . . . 1 . . 2 AOE 62 | . . . . . 2 21 9 16 . . . . . . 14 Classes Destroyed 20 | 1 5 . . 1 3 5 3 . . . . 1 . . 1 Worker 21 | . 2 . . . 3 1 7 1 . . . . . . 7 Builder 5 | . . . . . . 1 . 1 . . . . . . 3 Tunneler 2 | . . . . . . . . . . . . . . . 2 Hauler 18 | . 2 . . . 6 2 5 . . . . . 1 . 2 Recycler 11 | 1 1 . . . 3 4 . . . . . . . . 2 Mechanic 4 | . . . . . 1 2 1 . . . . . . . . Operator 5 | . . . . . 2 . 1 1 . . . . . . 1 Drone 1 | . . . . . . . . . . . . 1 . . . Watcher 14 | . 3 . . . 5 1 4 . . . . . . . 1 Swarmer 51 | . 3 . . . 5 . 15 15 . . . . . . 13 Cutter 2 | . . . . . . . 2 . . . . . . . . Grunt 82 | . 11 . . 1 22 24 21 3 . . . . . . . Brawler 3 | . . . . . . 3 . . . . . . . . . Duelist 5 | . . . . . . 5 . . . . . . . . . Protector 1 | . . . . . . 1 . . . . . . . . . Sentry 26 | . . . . 1 8 12 3 . . 1 . . . . 1 Demolisher 1 | . . . . . . 1 . . . . . . . . . Hunter 2 | . . . . . . . 2 . . . . . . . . Programmer 12 | . . . . . . . 8 1 . . . . . . 3 Heavy 1 | . . . . . 1 . . . . . . . . . . Thug 1 | . . . . . . 1 . . . . . . . . . Best Kill Streak 10 | 1 7 . . 1 9 8 5 10 . 1 . 1 1 . 7 Combat Bots Only 10 | . 5 . . 1 6 7 5 10 . 1 . 1 . . 5 Max Kills in Single Turn 6 | 1 2 . . 1 3 4 3 6 . 1 . 1 1 . 4 Gunslinging . | . . . . . . . . . . . . . . . . Exploded 6 | . . . . . 2 3 3 6 . . . . . . 4 Melee 1 | . . . . . . . 1 1 . 1 . . . . 1 Uniques/NPCs Destroyed . | . . . . . . . . . . . . . . . . Combat | -11 -10 -10 -10 -9 -8 -8 -7 -6 -6 -6 -6 -5 -5 -5 -5 -------- Run | Yrd Mat Min Exi Min Mat Sto Fac Fac Low Low Zio Pro Fac Was Fac Hostile Shots Fired 1402 | . 65 . . 9 188 163 512 178 2 10 . 5 . . 270 Missed 521 | . 13 . . 1 60 41 175 82 1 8 . 4 . . 136 Damage Taken 14723 | . 643 . . 90 2136 2379 4588 1432 19 17 . 12 . . 3407 Core 2674 | . 82 . . 31 167 144 673 561 . . . . . . 1016 Absorbed by Shields 52 | . . . . . . . . 52 . . . . . . . Redirected to Shielding 270 | . . . . . . . 92 69 . . . . . . 109 Regen/Repaired (Parts) 1143 | . . . . . . 1044 52 47 . . . . . . . Core Remaining (%) 46 | 100 . . . 54 . 43 3 . . . . 34 . . . Volleys Fired 646 | 1 67 . . 8 130 130 169 21 17 25 . 4 . . 74 Largest 2 | 2 2 . . 2 2 2 2 1 1 1 . 1 . . 1 Hottest 115 | 70 70 . . 115 115 110 110 80 65 65 . 65 . . 90 Shots Fired 1036 | 2 133 . . 16 237 190 317 21 17 25 . 4 . . 74 Gun 796 | 2 133 . . 16 236 101 298 10 . . . . . . . Cannon 183 | . . . . . 1 70 9 2 17 25 . 4 . . 55 Launcher 57 | . . . . . . 19 10 9 . . . . . . 19 Special . | . . . . . . . . . . . . . . . . Kinetic 472 | 1 67 . . . 123 167 74 4 . . . . . . 36 Thermal 417 | 1 66 . . 16 34 4 229 2 17 25 . 4 . . 19 Explosive 53 | . . . . . . 15 10 9 . . . . . . 19 Electromagnetic 94 | . . . . . 80 4 4 6 . . . . . . . Robot Hit Streak 31 | 1 16 . . 8 31 19 28 5 . . . 1 . . 9 Robot Miss Streak 6 | . 5 . . 1 6 4 6 5 . . . 2 . . 3 Penetration Max 1 | . . . . . . . . . . . . . . . 1 Secondary Targets 8 | . 2 . . . 3 . 3 . . . . . . . . Max Gunslinging Chain 1 | . 1 . . . 1 . 1 . . . . . . . . Shots Hit Robots 738 | 1 97 . . 13 194 138 229 15 . 1 . 1 3 . 46 Core Hits 467 | 1 36 . . 4 115 125 111 26 . 1 . 1 1 . 46 Critical Kills 2 | . . . . . . . 2 . . . . . . . . Critical Parts Destroyed 2 | . . . . . . . 1 1 . . . . . . . Critical Strikes 24 | . 3 . . 1 3 1 13 1 . . . . . . 2 Burn 14 | . 3 . . 1 3 . 7 . . . . . . . . Destroy 1 | . . . . . . . 1 . . . . . . . . Blast 2 | . . . . . . 1 . . . . . . . . 1 Smash 3 | . . . . . . . 2 1 . . . . . . . Sever 3 | . . . . . . . 3 . . . . . . . . Impale 1 | . . . . . . . . . . . . . . . 1 Melee Attacks 138 | . . . . . 2 7 55 12 1 1 3 4 4 . 49 Impact 39 | . . . . . 2 7 18 12 . . . . . . . Slashing 46 | . . . . . . . 37 . 1 1 3 . . . 4 Piercing 53 | . . . . . . . . . . . . 4 4 . 45 Sneak Attacks 16 | . . . . . . . 6 1 . . . . 2 . 7 Combat Hostiles . | . . . . . . . . . . . . . . . . Follow-up Attacks 6 | . . . . . . . 6 . . . . . . . . Damage Inflicted 24049 | 15 1256 . . 195 4398 5058 6864 1915 . 45 . 27 230 . 4046 Guns 11244 | 15 1256 . . 195 4063 1708 3940 67 . . . . . . . Cannons 1644 | . . . . . . 796 142 . . . . 27 . . 679 Explosions 8142 | . . . . . 329 2408 1381 1453 . . . . . . 2571 Melee 2891 | . . . . . . 138 1331 351 . 45 . . 230 . 796 Ramming 128 | . . . . . 6 8 70 44 . . . . . . . Kinetic 6406 | 15 603 . . . 2244 2449 705 . . . . . . . 390 Thermal 5480 | . 653 . . 195 719 129 3468 . . . . 27 . . 289 Explosive 7450 | . . . . . . 2200 1226 1453 . . . . . . 2571 Electromagnetic 1675 | . . . . . 1429 115 64 67 . . . . . . . Impact 1008 | . . . . . . 157 500 351 . . . . . . . Slashing 876 | . . . . . . . 831 . . 45 . . . . . Piercing 1026 | . . . . . . . . . . . . . 230 . 796 Highest Corruption 25 | . . . . . . . 13 4 . . . . . . 25 Average Corruption 7 | . . . . . . . 4 3 . . . . . . 15 Corruption Purged 4 | . . . . . . . . 4 . . . . . . . Corruption Blocked 1 | . . . . . . . . . . . . . . . 1 Effects 174 | . . . . . . . 73 10 . . . . . . 91 Message Errors 40 | . . . . . . . 20 . . . . . . . 20 Matter Fused 38 | . . . . . . . 20 2 . . . . . . 16 Heat Flow Errors 21 | . . . . . . . 8 1 . . . . . . 12 Energy Discharges 19 | . . . . . . . 10 2 . . . . . . 7 Parts Rejected 3 | . . . . . . . 1 2 . . . . . . . Parts Fused 4 | . . . . . . . 1 . . . . . . . 3 Data Loss (minor) 22 | . . . . . . . 8 1 . . . . . . 13 Data Loss (major) 5 | . . . . . . . 2 . . . . . . . 3 Misfires 4 | . . . . . . . 2 1 . . . . . . 1 Misdirections 15 | . . . . . . . . . . . . . . . 15 Weapon Failures 3 | . . . . . . . 1 1 . . . . . . 1 Overload Shots . | . . . . . . . . . . . . . . . . Overflow Damage 856 | . . . . . 3 5 304 248 . . . . 22 . 274 Projectiles 24 | . . . . . . 5 . . . . . . . . 19 Explosions 333 | . . . . . 3 . 111 90 . . . . . . 129 Melee 499 | . . . . . . . 193 158 . . . . 22 . 126 Knockbacks 10 | . . . . . . 2 2 1 . . . . . . 5 Impact 3 | . . . . . . . 2 1 . . . . . . . Kinetic 7 | . . . . . . 2 . . . . . . . . 5 Secondary . | . . . . . . . . . . . . . . . . Self-Inflicted Damage 479 | . . . . . 117 188 155 19 . . . . . . . Shots 14 | . . . . . 3 8 3 . . . . . . . . Rammed 23 | . . . . . 2 . 10 11 . . . . . . . Targets Rammed 26 | . . . . . 3 1 11 11 . . . . . . . Kicked . | . . . . . . . . . . . . . . . . Crushed 3 | . . . . . 1 1 1 . . . . . . . . Highest Temperature 405 | 9 192 . . 252 308 234 405 308 176 171 294 167 113 189 272 Average Temperature 75 | 6 53 . . 93 81 55 98 80 34 52 84 47 53 98 70 Received Heat Transfer 3925 | . 333 . . 42 1062 873 1128 103 9 6 . . . . 369 Effects 13 | . . . . . 2 1 6 1 . . 1 . . . 2 Shutdowns 1 | . . . . . . . 1 . . . . . . . . Energy Bleed 5 | . . . . . . 1 2 1 . . 1 . . . . Interference 5 | . . . . . 2 . 1 . . . . . . . 2 Matter Decay 1 | . . . . . . . 1 . . . . . . . . Short Circuit 1 | . . . . . . . 1 . . . . . . . . Siege Activations . | . . . . . . . . . . . . . . . . Robots Corrupted 1 | . . . . . 1 . . . . . . . . . . Combat Hostiles 1 | . . . . . 1 . . . . . . . . . . Parts Fried 17 | . . . . . 9 . 8 . . . . . . . . Impact Corruptions 12 | . . . . . . . 6 6 . . . . . . . Robots Melted . | . . . . . . . . . . . . . . . . Combat Hostiles . | . . . . . . . . . . . . . . . . Parts Melted 28 | . 3 . . 1 3 1 17 . . . . . . . 3 Heat Transferred 11486 | . 2146 . . 555 1558 174 6566 . . . . 37 . . 450 Parts Sabotaged . | . . . . . . . . . . . . . . . . Parts Stolen . | . . . . . . . . . . . . . . . . Parts Stripped . | . . . . . . . . . . . . . . . . Power Chain Reactions 6 | . . . . . 5 1 . . . . . . . . . Alert | -11 -10 -10 -10 -9 -8 -8 -7 -6 -6 -6 -6 -5 -5 -5 -5 ------- Run | Yrd Mat Min Exi Min Mat Sto Fac Fac Low Low Zio Pro Fac Was Fac Peak Influence 1007 | 5 215 . . 131 691 978 991 743 . . . . 622 232 1007 Initial 600 | . 3 . . . . 289 167 365 . . . . 600 217 162 Average 321 | 2 51 . . 16 353 512 339 446 . . . . 605 224 293 Maximum Alert Level 3 | . 1 . . . 2 3 3 3 . . . . 2 1 3 Low Security (%) 40 | 100 97 100 . 100 28 2 49 5 . . . . . . 38 Level 1 21 | . 2 . . . 20 44 10 33 . . . . . 100 38 Level 2 29 | . . . . . 51 32 23 53 . . . . 100 . 18 Level 3 8 | . . . . . . 20 16 8 . . . . . . 5 Level 4 . | . . . . . . . . . . . . . . . . Level 5 . | . . . . . . . . . . . . . . . . High Security . | . . . . . . . . . . . . . . . . Max Security . | . . . . . . . . . . . . . . . . Squads Dispatched 72 | . 3 . . 1 7 9 27 12 . 1 . . 2 . 10 Investigation 22 | . 2 . . 1 4 1 4 6 . . . . . . 4 Extermination 11 | . . . . . . . 9 1 . . . . . . 1 Reinforcement 17 | . 1 . . . 2 1 6 2 . . . . 1 . 4 Assault 8 | . . . . . 1 5 . . . 1 . . . . 1 Garrison 14 | . . . . . . 2 8 3 . . . . 1 . . Intercept . | . . . . . . . . . . . . . . . . Searches Triggered 7 | . . . . . . . 3 4 . . . . . . . Construction Impeded 1 | . . . . . . . . . . . . . . . 1 Haulers Reinforced 6 | . . . . . . . 3 . . . . . 1 . 2 Active Scanning Responses . | . . . . . . . . . . . . . . . . Cargo Convoy Interrupts . | . . . . . . . . . . . . . . . . Stealth | -11 -10 -10 -10 -9 -8 -8 -7 -6 -6 -6 -6 -5 -5 -5 -5 --------- Run | Yrd Mat Min Exi Min Mat Sto Fac Fac Low Low Zio Pro Fac Was Fac Distress Signals 31 | . 1 . . . 7 1 7 6 . . . 2 1 . 6 Communications Jammed . | . . . . . . . . . . . . . . . . Distress Signals . | . . . . . . . . . . . . . . . . Times Spotted 472 | . 19 . . 5 58 61 105 86 9 8 . 17 2 2 100 Peak Tracking Total 20 | . 3 . . 2 7 8 8 14 3 6 . 9 3 2 20 Tactical Retreats 81 | . . . . . 7 1 17 21 4 2 . 5 . . 24 Traps | -11 -10 -10 -10 -9 -8 -8 -7 -6 -6 -6 -6 -5 -5 -5 -5 ------- Run | Yrd Mat Min Exi Min Mat Sto Fac Fac Low Low Zio Pro Fac Was Fac Traps Triggered 16 | . 2 . . . 1 . 2 6 . . . . 1 . 4 Indirectly . | . . . . . . . . . . . . . . . . Trap Hack Attempts . | . . . . . . . . . . . . . . . . Triggered . | . . . . . . . . . . . . . . . . Disarmed . | . . . . . . . . . . . . . . . . Reprogrammed . | . . . . . . . . . . . . . . . . Reused . | . . . . . . . . . . . . . . . . Traps Extracted . | . . . . . . . . . . . . . . . . Installed . | . . . . . . . . . . . . . . . . Triggered 1 | . . . . . . . . . 1 . . . . . . Machines | -11 -10 -10 -10 -9 -8 -8 -7 -6 -6 -6 -6 -5 -5 -5 -5 ---------- Run | Yrd Mat Min Exi Min Mat Sto Fac Fac Low Low Zio Pro Fac Was Fac Machines Disabled 29 | . . . . . 4 6 10 2 . . . . . . 7 Max in Single Turn 3 | . . . . . 1 1 3 1 . . . . . . 2 Garrison Access 5 | . . . . . 1 1 1 . . . . . . . 2 Machines Repaired . | . . . . . . . . . . . . . . . . Machines Dismantled . | . . . . . . . . . . . . . . . . Machines Sabotaged . | . . . . . . . . . . . . . . . . Overloaded Fab Kills . | . . . . . . . . . . . . . . . . Hacking | -11 -10 -10 -10 -9 -8 -8 -7 -6 -6 -6 -6 -5 -5 -5 -5 --------- Run | Yrd Mat Min Exi Min Mat Sto Fac Fac Low Low Zio Pro Fac Was Fac Machines Accessed 100 | . 8 . 2 1 13 14 24 16 2 1 . . . . 19 Terminals 54 | . 6 . . 1 9 10 13 5 1 . . . . . 9 Fabricators 7 | . . . . . . . 1 2 . . . . . . 4 Repair Stations 5 | . . . . . . 1 1 3 . . . . . . . Recycling Units 18 | . 2 . . . 2 2 4 4 . . . . . . 4 Scanalyzers 5 | . . . . . 1 . 3 1 . . . . . . . Garrison Access 7 | . . . . . 1 1 2 1 . . . . . . 2 Total Hacks 288 | . 27 . 2 4 41 36 74 49 3 1 . . . . 51 Successful 174 | . 14 . 2 . 19 26 59 20 3 1 . . . . 30 Failed 113 | . 12 . . 4 22 10 15 29 . . . . . . 21 Catastrophic 10 | . . . . 1 4 1 1 3 . . . . . . . Database Lockouts 1 | . 1 . . . . . . . . . . . . . . Manual 166 | . 20 . 1 4 32 24 34 23 . . . . . . 28 Terminals 159 | . 18 . . 4 28 22 45 13 2 . . . . . 27 Fabricators 13 | . . . . . . . 2 3 . . . . . . 8 Repair Stations 11 | . . . . . . 4 2 5 . . . . . . . Recycling Units 70 | . 9 . . . 10 9 12 17 . . . . . . 13 Scanalyzers 21 | . . . . . 2 . 11 8 . . . . . . . Garrison Access 10 | . . . . . 1 1 2 3 . . . . . . 3 Terminal Hacks 60 | . 5 . 2 . 5 10 21 2 3 1 . . . . 11 Record 3 | . . . 1 . . . . . 2 . . . . . . Part Schematic 7 | . . . . . . . 6 . . . . . . . 1 Robot Schematic 1 | . . . . . . . 1 . . . . . . . . Robot Analysis 7 | . 2 . . . 2 . 1 . . . . . . . 2 Prototype ID Bank 3 | . . . . . 1 . 1 . . . . . . . 1 Open Door 7 | . . . . . . 5 . . 1 1 . . . . . Level Access Points 2 | . . . . . . . 1 . . . . . . . 1 Branch Access Points 4 | . . . . . 1 . 1 1 . . . . . . 1 Emergency Access Points 1 | . 1 . . . . . . . . . . . . . . Machine Index 1 | . . . . . . . 1 . . . . . . . . Alert Level 1 | . . . . . . . 1 . . . . . . . . Unreport Threat 14 | . . . . . . 5 4 1 . . . . . . 4 Dispatch Records 2 | . 1 . . . . . 1 . . . . . . . . Transport Status 1 | . 1 . . . . . . . . . . . . . . Recall Extermination 2 | . . . . . . . 1 . . . . . . . 1 Hauler Manifests 2 | . . . . . 1 . 1 . . . . . . . . Zone Layout 1 | . . . . . . . 1 . . . . . . . . Derelict Proto ID Bank 1 | . . . 1 . . . . . . . . . . . . Fabricator Hacks 5 | . . . . . . . 1 . . . . . . . 4 Load Schematic 4 | . . . . . . . 1 . . . . . . . 3 Build 1 | . . . . . . . . . . . . . . . 1 Repair Station Hacks 9 | . . . . . . 4 2 3 . . . . . . . Scan Component 5 | . . . . . . 2 1 2 . . . . . . . Repair 4 | . . . . . . 2 1 1 . . . . . . . Recycling Unit Hacks 9 | . . . . . 1 3 2 1 . . . . . . 2 Retrieve Matter 2 | . . . . . . 1 . . . . . . . . 1 Retrieve Components 7 | . . . . . 1 2 2 1 . . . . . . 1 Scanalyzer 21 | . . . . . 2 . 11 8 . . . . . . . Insert Component 10 | . . . . . 1 . 5 4 . . . . . . . Analyze 11 | . . . . . 1 . 6 4 . . . . . . . Garrison Access Hacks 5 | . . . . . 1 1 1 . . . . . . . 2 Seal Access 5 | . . . . . 1 1 1 . . . . . . . 2 Unauthorized Hacks 64 | . 9 . . . 10 8 21 6 . . . . . . 10 Terminals 26 | . 4 . . . 4 4 9 2 . . . . . . 3 Assimilate 6 | . . . . . 1 . 3 1 . . . . . . 1 Botnet 20 | . 4 . . . 3 4 6 1 . . . . . . 2 Fabricators 3 | . . . . . . . 1 . . . . . . . 2 Recompile 3 | . . . . . . . 1 . . . . . . . 2 Repair Stations . | . . . . . . . . . . . . . . . . Recycling Units 34 | . 5 . . . 6 4 10 4 . . . . . . 5 Monitor 2 | . 1 . . . 1 . . . . . . . . . . Reject 15 | . 2 . . . 2 2 4 2 . . . . . . 3 Recyclers 4 | . 1 . . . 1 . 2 . . . . . . . . Mask 13 | . 1 . . . 2 2 4 2 . . . . . . 2 Scanalyzers . | . . . . . . . . . . . . . . . . Garrison Access 1 | . . . . . . . 1 . . . . . . . . Watchers 1 | . . . . . . . 1 . . . . . . . . Data Cores Recovered 1 | . . . . . . . . 1 . . . . . . . Used . | . . . . . . . . . . . . . . . . Hacking Detections 73 | . 7 . . 1 11 8 15 15 1 . . . . . 15 Full Trace Events 17 | . 3 . . 1 3 1 3 4 . . . . . . 2 Feedback Events . | . . . . . . . . . . . . . . . . Feedback Blocked . | . . . . . . . . . . . . . . . . Robot Schematics Acquired 4 | . . . . . . . 1 . . . 3 . . . . Robots Built . | . . . . . . . . . . . . . . . . Authchips . | . . . . . . . . . . . . . . . . Time . | . . . . . . . . . . . . . . . . Total Robot Build Rating . | . . . . . . . . . . . . . . . . Part Schematics Acquired 31 | . . . . . 1 . 11 3 . . 15 . . . 1 Parts Built 1 | . . . . . . . . . . . . . . . 1 Authchips 1 | . . . . . . . . . . . . . . . 1 Time 134 | . . . . . . . . . . . . . . . 134 Total Part Build Rating 4 | . . . . . . . . . . . . . . . 4 Parts Repaired 4 | . . . . . . 2 1 1 . . . . . . . Time 218 | . . . . . . 88 70 60 . . . . . . . Parts Recycled . | . . . . . . . . . . . . . . . . Recycled Matter . | . . . . . . . . . . . . . . . . Retrieved Matter . | . . . . . . . . . . . . . . . . Retrieved Components 17 | . . . . . 10 . 4 . . . . . . . 3 Parts Scanalyzed 9 | . . . . . 1 . 5 3 . . . . . . . Part Schematics Acquired 9 | . . . . . 1 . 5 3 . . . . . . . Parts Damaged . | . . . . . . . . . . . . . . . . Bothacking | -11 -10 -10 -10 -9 -8 -8 -7 -6 -6 -6 -6 -5 -5 -5 -5 ------------ Run | Yrd Mat Min Exi Min Mat Sto Fac Fac Low Low Zio Pro Fac Was Fac Used RIF Installer . | . . . . . . . . . . . . . . . . Robots Hacked . | . . . . . . . . . . . . . . . . Non-combat . | . . . . . . . . . . . . . . . . Combat . | . . . . . . . . . . . . . . . . Robot Hacks Applied . | . . . . . . . . . . . . . . . . Relay Couplers Released 3 | . . . . . . . . . . . . . . . 3 Programmers 3 | . . . . . . . . . . . . . . . 3 Fabnet Peak Effective % . | . . . . . . . . . . . . . . . . Robots Rewired . | . . . . . . . . . . . . . . . . Allies Hacked . | . . . . . . . . . . . . . . . . Hacks Repelled . | . . . . . . . . . . . . . . . . Allies | -11 -10 -10 -10 -9 -8 -8 -7 -6 -6 -6 -6 -5 -5 -5 -5 -------- Run | Yrd Mat Min Exi Min Mat Sto Fac Fac Low Low Zio Pro Fac Was Fac Total Allies 13 | . . . . 4 1 2 3 1 . . . . . 1 1 Largest Group 4 | . . . . 4 4 4 3 1 . . . . . 1 1 Highest-Rated Group 72 | . . . . 71 71 72 62 10 . . . . . 31 10 Highest-Rated Ally 31 | . . . . 31 31 31 26 10 . . . . . 31 10 Total Orders 25 | . . . . 2 5 9 8 1 . . . . . . . STAY 15 | . . . . 1 3 5 5 1 . . . . . . . FOLLOW 8 | . . . . 1 2 2 3 . . . . . . . . AID 2 | . . . . . . 2 . . . . . . . . . Ally Attacks 52 | . . . . 12 22 14 . . . . . . . 4 . Total Damage 712 | . . . . 212 248 186 . . . . . . . 66 . Kills 9 | . . . . 3 3 3 . . . . . . . . . Allies Corrupted . | . . . . . . . . . . . . . . . . Allies Melted . | . . . . . . . . . . . . . . . . Intel | -11 -10 -10 -10 -9 -8 -8 -7 -6 -6 -6 -6 -5 -5 -5 -5 ------- Run | Yrd Mat Min Exi Min Mat Sto Fac Fac Low Low Zio Pro Fac Was Fac Robot Analysis Total 7 | . 2 . . . 2 . 1 . . . . . . . 2 Derelict Logs Recovered 7 | . . 2 . 1 . . . . 2 1 . 1 . . . Drone Launches . | . . . . . . . . . . . . . . . . Drone Recoveries . | . . . . . . . . . . . . . . . . Exploration | -11 -10 -10 -10 -9 -8 -8 -7 -6 -6 -6 -6 -5 -5 -5 -5 ------------- Run | Yrd Mat Min Exi Min Mat Sto Fac Fac Low Low Zio Pro Fac Was Fac Turns Passed 28868 | 87 2370 483 340 898 5185 3681 4643 1519 2964 2981 772 925 57 25 1938 Spaces Moved 20296 | 44 1385 459 276 634 1923 1215 4115 3422 998 437 842 370 149 83 3944 Core 343 | 3 . . . . . . 2 300 . . . . . . 38 Treads 4714 | 41 940 . . . 1627 1215 876 15 . . . . . . . Legs . | . . . . . . . . . . . . . . . . Wheels 2326 | . 445 459 276 634 296 . 216 . . . . . . . . Hover . | . . . . . . . . . . . . . . . . Flight 12913 | . . . . . . . 3021 3107 998 437 842 370 149 83 3906 Fastest Speed 15 | 50 105 105 105 105 135 240 23 19 19 19 19 19 15 18 15 Average Speed 83 | 152 144 105 105 128 225 247 81 29 20 19 19 19 15 18 28 Slowest Speed 640 | 160 240 105 105 135 250 330 640 250 21 21 19 19 15 18 105 Overloaded Moves . | . . . . . . . . . . . . . . . . Propulsion Burnouts . | . . . . . . . . . . . . . . . . Robots Hopped 108 | . . . . . . . 14 32 . 1 . . . . 61 Cave-ins Triggered 2 | . . . . . . . . . . . . . . . 2 Exploration Rate (%) 67 | 4 101 98 61 96 92 92 66 50 90 55 83 62 5 62 61 Regions Visited 15 Branch Regions 8 Pre-discovered Areas 3 | . . . 1 1 . . . . . . 1 . . . . Known Exits Taken 4 | . . . . . 1 . 1 1 1 . . . . . . Unknown Exits Taken 9 | 1 1 1 1 1 . 1 . . . 1 1 1 . . . Scrap Searched 10 | . . 1 . 2 . . . . 4 . 2 1 . . . Spaces Dug 172 | . . . . . 2 3 9 2 7 4 1 . . . 144 Terrain Destroyed 604 | . . . . . 15 148 98 53 7 5 1 1 . . 276 Melee 40 | . . . . . 2 2 9 2 1 . 1 . . . 23 Projectile 50 | . . . . . . 2 . . 6 5 . 1 . . 36 AOE 514 | . . . . . 13 144 89 51 . . . . . . 217 Terrain Rammed . | . . . . . . . . . . . . . . . . Walls Destroyed . | . . . . . . . . . . . . . . . . Machines Disabled . | . . . . . . . . . . . . . . . . Actions | -11 -10 -10 -10 -9 -8 -8 -7 -6 -6 -6 -6 -5 -5 -5 -5 --------- Run | Yrd Mat Min Exi Min Mat Sto Fac Fac Low Low Zio Pro Fac Was Fac Total 30769 | 59 1633 460 327 706 2537 1688 4985 3858 3737 3304 1448 1211 176 94 4546 Wait 8977 | . 109 . 50 44 333 253 497 278 2704 2842 596 834 15 6 416 Move 20088 | 43 1384 458 275 633 1922 1214 4089 3361 997 434 841 369 149 82 3837 Hop 85 | . . . . . . . 11 28 . 1 . . . . 45 Pick Up 233 | 8 40 1 1 12 53 20 53 18 3 . . . 1 2 21 Fast Attach 139 | 7 5 . . . 9 12 29 28 4 . 4 . 2 1 38 Attach 66 | . 3 . . . 14 8 9 13 1 . . . 1 . 17 Detach 16 | . . . . . 1 . 4 5 . . . . . . 6 Swap 76 | . 5 . . 1 16 20 20 6 3 1 . . 1 . 3 Drop 237 | . 20 1 1 8 54 23 49 36 7 . 4 . 3 3 28 Fire 646 | 1 67 . . 8 130 130 169 21 17 25 . 4 . . 74 Melee 126 | . . . . . 2 7 44 12 1 1 3 4 4 . 48 Ram 15 | . . . . . . . 4 11 . . . . . . . Kick . | . . . . . . . . . . . . . . . . Crush 11 | . . . . . 3 1 7 . . . . . . . . Escape Stasis 54 | . . . . . . . . 41 . . . . . . 13 Rewire . | . . . . . . . . . . . . . . . . Trap . | . . . . . . . . . . . . . . . . Miscellaneous . | . . . . . . . . . . . . . . . . Route ------- -11/Scrapyard -10/Materials (discovered 5 exits: *Mat x3 / [*Min] / [*Sub]) -10/Mines (discovered 3 exits: *Mat x2 / *Exi) -10/Exiles -9/Mines (discovered 2 exits: *Mat x2) -8/Materials (discovered 5 exits: *Fac x3 / *Sto x2) -8/Storage (discovered 2 exits: *Fac / [*Rec]) -7/Factory (discovered 6 exits: *Fac x4 / Low x2) -6/Factory (discovered 4 exits: [*Fac x2] / *Low x2) -6/Lower Caves -6/Lower Caves -6/Zion (discovered 2 exits: [Dee] / [*Pro]) -5/Proximity Caves -5/Factory -5/Waste -5/Factory (discovered 8 exits: *Fac x4 / Upp x2 / Ext x2) History --------- Turn | Location | Event 44 | -11/Scrapyard | Discovered new exit (range 14) 88 | -11/Scrapyard | Entered Materials 305 | -10/Materials | Build established: Mutant 415 | -10/Materials | Discovered new exit (range 7) 639 | -10/Materials | Discovered new exit (range 16) 1085 | -10/Materials | Discovered new exit (range 3) 1336 | -10/Materials | Discovered new exit (range 15) 1488 | -10/Materials | Discovered new exit (range 9) 1771 | -10/Materials | Central database locked down 2458 | -10/Materials | Entered Mines 2556 | -10/Mines | Discovered new exit (range 13) 2635 | -10/Mines | Identified exit to Materials 2844 | -10/Mines | Deemed a non-threat by the Exiles lab entrance 2844 | -10/Mines | Discovered new exit (range 5) 2899 | -10/Mines | Learned 2 Materials zone layouts 2941 | -10/Mines | Entered Exiles 2968 | -10/Exiles | Met 8R-AWN 2986 | -10/Exiles | Met EX-HEX 3104 | -10/Exiles | Met EX-BIN 3117 | -10/Exiles | Aligned with FarCom system 3119 | -10/Exiles | Given EX-Vault access code 3143 | -10/Exiles | Opened EX-Vault 3151 | -10/Exiles | Found Superbattery 3174 | -10/Exiles | Warned to stay clear of 0b10 Research branches 3202 | -10/Exiles | Met EX-DEC 3209 | -10/Exiles | Learned location of Zion (-6) 3267 | -10/Exiles | Discovered new exit (range 14) 3281 | -10/Exiles | Left Exiles lab with Superbattery 3281 | -10/Exiles | Entered Mines 3496 | -9/Mines | Discovered new exit (range 7) 3593 | -9/Mines | Assisted by bots powering up and referring to "LRC-V3" 3803 | -9/Mines | Escorted by a lone wolf Derelict 3815 | -9/Mines | Learned Materials stockpile data 3823 | -9/Mines | Learned location of Storage (-8) 4093 | -9/Mines | Discovered new exit (range 7) 4179 | -9/Mines | Entered Materials 4179 | -8/Materials | Accompanied by 4 allies 4179 | -8/Materials | Evolved 4 slots: Propulsion x1, Utility x3 4368 | -8/Materials | Discovered new exit (range 15) 4393 | -8/Materials | Discovered new exit (range 15) 4459 | -8/Materials | Discovered new exit (range 3) 4711 | -8/Materials | Build established: Scavenger-Mutant 5033 | -8/Materials | Build established: Mutant 6509 | -8/Materials | Discovered new exit (range 14) 7137 | -8/Materials | Identified exit to Storage 7436 | -8/Materials | Build established: Commander-Mutant 8099 | -8/Materials | Discovered new exit (range 15) 8579 | -8/Materials | First assault squad dispatched 8707 | -8/Materials | Lost 5 parts (3u2w) 9364 | -8/Materials | Entered Storage 9364 | -8/Storage | Accompanied by 4 allies 9498 | -8/Storage | Garrison activated, responded to threat 9549 | -8/Storage | Lost 3 allies 9816 | -8/Storage | Build established: Mutant 10014 | -8/Storage | Used back door to open Recycling access 10014 | -8/Storage | Discovered new exit (range 3) 10050 | -8/Storage | Met a pair of Derelict thieves 10551 | -8/Storage | Discovered new exit (range 5) 10964 | -8/Storage | First assault squad dispatched 11023 | -8/Storage | Core integrity fell below 50% 11054 | -8/Storage | Destroyed 7 combat bots 11351 | -8/Storage | Build established: Scavenger-Mutant 11760 | -8/Storage | Build established: Hacker-Mutant 11923 | -8/Storage | Repaired Hrd. Heavy Armor Plating 11968 | -8/Storage | Repaired Hrd. Heavy Armor Plating 13045 | -8/Storage | Entered Factory 13045 | -7/Factory | Accompanied by 1 ally 13045 | -7/Factory | Evolved 2 slots: Propulsion x2 13241 | -7/Factory | Identified exit to Factory 13316 | -7/Factory | Garrison activated, responded to threat 14992 | -7/Factory | Garrison activated, responded to threat 15218 | -7/Factory | Identified exit to Lower Caves 15427 | -7/Factory | Build established: Hacker-Sprinter 16021 | -7/Factory | Core integrity fell below 50% 16096 | -7/Factory | Garrison activated, responded to threat 16245 | -7/Factory | Search patrols dispatched 16317 | -7/Factory | Repaired Cld. VTOL Module? 16645 | -7/Factory | Search patrols dispatched 16862 | -7/Factory | Core integrity fell below 20% 16894 | -7/Factory | Build established: Scavenger-Mutant 17045 | -7/Factory | Search patrols dispatched 17276 | -7/Factory | System corruption reached 10% 17657 | -7/Factory | Build established: Mutant 17688 | -7/Factory | Entered another Factory area 17688 | -6/Factory | Evolved 2 slots: Propulsion x2 18038 | -6/Factory | Search patrols dispatched 18182 | -6/Factory | Lost 3 parts (1n1u1w) 18204 | -6/Factory | Core integrity fell below 50% 18209 | -6/Factory | Garrison activated, responded to threat 18378 | -6/Factory | Repaired Imp. VTOL Module? 18388 | -6/Factory | Search patrols dispatched 18427 | -6/Factory | Discovered new exit (range 7) 18693 | -6/Factory | Discovered new exit (range 5) 18738 | -6/Factory | Search patrols dispatched 18892 | -6/Factory | Build established: Scout 18926 | -6/Factory | Identified exit to Lower Caves 19034 | -6/Factory | Destroyed 10 combat bots 19088 | -6/Factory | Search patrols dispatched 19195 | -6/Factory | Build established: Sprinter 19207 | -6/Factory | Entered Lower Caves 19779 | -6/Lower Caves | Identified exit to Lower Caves 20392 | -6/Lower Caves | Encountered a Warlord checkpoint 21515 | -6/Lower Caves | Learned 8 Factory zone layouts 22171 | -6/Lower Caves | Entered another Lower Caves area 22185 | -6/Lower Caves | Attracted the attention of an 0b10 checkpoint 24586 | -6/Lower Caves | Learned Factory stockpile data 25046 | -6/Lower Caves | Attracted the attention of an 0b10 outpost 25050 | -6/Lower Caves | Discovered new exit (range 8) 25152 | -6/Lower Caves | Entered Zion 25172 | -6/Zion | Discovered new exit (range 15) 25261 | -6/Zion | Learned Factory emergency access door positions 25355 | -6/Zion | Rebuked by Imprinter 25368 | -6/Zion | Given A8's code to call for help 25615 | -6/Zion | Discovered new exit (range 12) 25846 | -6/Zion | Found CR-A16's Pointy Stick 25924 | -6/Zion | Entered Proximity Caves 26317 | -5/Proximity Caves | Received a Behemoth hack from an annoying Tinkerer 26376 | -5/Proximity Caves | Spotter reported a threat 26535 | -5/Proximity Caves | Spotter reported a threat 26588 | -5/Proximity Caves | Spotter reported a threat 26606 | -5/Proximity Caves | Learned Factory terminal intel 26837 | -5/Proximity Caves | Spotter reported a threat 26846 | -5/Proximity Caves | Discovered new exit (range 12) 26849 | -5/Proximity Caves | Entered Factory 26849 | -5/Factory | Evolved 2 slots: Propulsion x2 26853 | -5/Factory | Loaded intel: 27 terminal locations 26894 | -5/Factory | Garrison activated, responded to threat 26906 | -5/Factory | Manually triggered Chute Trap 26906 | -5/Factory | Sucked down chute 26906 | -5/Factory | Entered Waste 26907 | -5/Waste | Met a frightened Derelict 26913 | -5/Waste | Spotted C-40 Crusher 26918 | -5/Waste | Spotted C-40 Crusher 26921 | -5/Waste | Spotted C-40 Crusher 26922 | -5/Waste | Discovered new exit (range 16) 26931 | -5/Waste | Entered Factory 27022 | -5/Factory | Crushed by falling debris 27022 | -5/Factory | System corruption reached 10% 27053 | -5/Factory | Lost 4 parts (4n) 27144 | -5/Factory | Identified exit to Upper Caves 27144 | -5/Factory | Identified exit to Extension 27579 | -5/Factory | Fabricated Cld. VTOL Module? 27606 | -5/Factory | Spotted B-75 Beast 27667 | -5/Factory | Build established: Hacker-Sprinter 27768 | -5/Factory | Discovered new exit (range 15) 27892 | -5/Factory | Lost 4 parts (1p2n1w) 27967 | -5/Factory | Identified exit to Factory 28020 | -5/Factory | Lost 11 parts (1p7n2u1w) 28156 | -5/Factory | Crushed by falling debris 28187 | -5/Factory | Lost 3 parts (2n1u) 28695 | -5/Factory | Core integrity fell below 50% 28731 | -5/Factory | First assault squad dispatched 28772 | -5/Factory | Lost 8 parts (1p4n2u1w) 28844 | -5/Factory | Core integrity fell below 20% 28869 | -5/Factory | Destroyed by G-67 Veteran with Plasma Rifle Last Messages --------------- Replicator. 28835_ System corrupted: Energy discharge (-33). 28836_ C-30 ARC bursts open, deploying its payload. 28836_ G-67 Veteran unfolds itself. 28836_ G-50 Soldier unfolds itself. 28836_ I-47 Archangel unfolds itself. 28836_ K-01 Serf destroyed. 28836_ Xenon Bombardment Thruster destroyed. 28836_ VTOL Module destroyed. 28836_ K-01 Serf collects debris. 28839_ K-01 Serf destroyed. 28839_ R-10 Processor collects Wheel. 28840_ K-01 Serf collects debris. 28850_ System corrupted: Matter fused (-5). 28850_ Tiamat Missile Launcher destroyed. 28850_ Imp. Medium Armor Plating destroyed. 28860_ Acquired Imp. Cesium-ion Thruster. 28869_ Drone sends a signal. 28869_ U-05 Engineer lays Concrete. Map ----- +----------------------------------------------------+ | ### """"" """"" ######+#+#####????????????# "" | | ## """" """"" # #????????????# " " | | # # #????????????# "Y" "" | | ######+#+####### " " " " " #????????????# """ | | #????# #???# " " " " " #????????????######## | | ###### #???# " " " " " #???????????????????? | | + #???# " " " " " #???????????????????? | | ###### #???# " " " " " #???????????????????? | | #????# #???# " " " " " #???????????????????? | | #????# #???# " " " " " #???????????????????? | | #????# #???# " " " " " #???????????????????? | | #????# #???# " " " " " #???????????????????? | | #????# #???#| #???????????????????? | | ##????+ #???##############???????????????????? | | ??????# #?????##########?????????????????????? | | ??????# =%! ##????# #?????????????????????? | | ??????# T#????#! #?????????????????????? | | ??????# #????# #?????????????????????? | | ??????# ##????# "" #?????????????????????? | | ??????# #?????# """ #?????????????????????? | | ??????# #?????# "T !#?????????????????????? | | ####??# #?????# """ #?????????????????????? | | ??# #?????# "" #?????????????????????? | | ?# Y# #####= #?????????????????????? | | * ?# % #######g##############??????????? | | !# % ggg @gg ????????? | | # * ni g ????????? | | + u ????????? | | # ?????????? | | # ?????????? | | ?### +#############+#######??????????? | | ?????#w## ?????????????????????????????? | | ??????# ##! ???????????????????????????? | | ??????# ## #??????????????????????????? | | ###???????# ## """ #??????????????????????????? | | ??????????# ## """ #??????????????????????????? | | ??????????# ## """ #??????????????????????????? | | ??????????# ## "" #??????????????????????????? | | ??????????? ?# "? #??????????????????????????? | | ??????????? ?# ??? #??????????????????????????? | | ??????????? ?####????????????????????????????????? | | ??????????? ?????????????????????????????????????? | | ??????????? ?????????????????????????????????????? | | ??????????? ?????????????????????????????????????? | | ??????????? ?????????????????????????????????????? | | ?????????????????????????????????????????????????? | | ?????????????????????????????????????????????????? | | ??????????????????????????????????????>??????????? | | ?????????????????????????????????????????????????? | | ?????????????????????????????????????????????????? | +----------------------------------------------------+ Best States ------------- Heat Dissipation 59 Energy Generation 21 Energy Capacity 500 Matter Stores 300 Matter Capacity 300 Sight Range 16 Terrain Scan Range 20 Terrain Scan Density 85 ECM Strength 1 Power Amplification 20 Additional Mass Support 12 Corruption Block 15 Armor Coverage 1200 Resistance: EM 15 Propulsion Shielding 66 Evasion (%) 75 Targeting Accuracy 13 Core Analysis 6 Recoil Reduction 4 Salvage Targeting 1 Offensive Hacking 40 Defensive Hacking 10 Authchip Count 1 Item Schematics ----------------- Hrd. Heavy Armor Plating | -8/Materials | Scanalyzed Prc. Rocket Launcher | -7/Factory | Scanalyzed System Shield | -7/Factory | Scanalyzed Imp. VTOL Module | -7/Factory | Scanalyzed Hvy. Particle Gun | -7/Factory | Scanalyzed Imp. Powered Armor | -7/Factory | Hacked KE Penetrator | -7/Factory | Hacked Adv. Cooling System | -7/Factory | Hacked Imp. Shield Generator | -7/Factory | Hacked Field Propulsion Drive | -7/Factory | Hacked Imp. Propulsion Shielding | -7/Factory | Hacked Cld. VTOL Module | -7/Factory | Scanalyzed Adv. Weight Redist. System | -6/Factory | Scanalyzed Imp. Field Recycling Unit | -6/Factory | Scanalyzed Matter Compressor | -6/Factory | Scanalyzed Cloaking Device | -6/Zion | Archive Imp. Coolant Injector | -6/Zion | Archive Adv. Hacking Suite | -6/Zion | Archive Imp. Hardlight Generator | -6/Zion | Archive Lyr. Heavy Armor Plating | -6/Zion | Archive Imp. Particle Charger | -6/Zion | Archive Myomer Leg | -6/Zion | Archive Centrium Wheel | -6/Zion | Archive Tactical Coordination Suite | -6/Zion | Archive Hvy. Phase Cannon | -6/Zion | Archive Power Amplifier | -6/Zion | Archive Hvy. Beamcaster | -6/Zion | Archive Point Defense System | -6/Zion | Archive 0b10 Decoder Chip [Scout] | -6/Zion | Archive Tiamat Missile Launcher | -6/Zion | Archive Q-thruster | -5/Factory | Hacked Robot Schematics ------------------ A-02 Transporter | -7/Factory | Hacked M-28 Smith | -6/Zion | Archive M-22 Extractor | -6/Zion | Archive A-15 Conveyor | -6/Zion | Archive Fabricated ------------ Cld. VTOL Module | x1 | -5/Factory | Authchip Alien Tech Used ----------------- None Achievements -------------- None Challenges ------------ None Game ------ Seed BiocellMissileInterrupter Manual? 0 Play Time 03:33:17 Cumulative 200.5 hours Start 2024.04.14 @ 19:28:52 End 2024.04.14 @ 23:32:37 Sessions 1 Manual Loads 0 Difficulty Rogue Special Mode None Game No. 162 Rogue 162 Adventurer 0 Explorer 0 Win Type - Total 4 Types 4/0/0/0/0/0/0/0/0 Lore% 69 Gallery% 77 Achievement% 64 Wizard Run 0 Options --------- Layout 2 ASCII 1 Keyboard 0 Movement Mouse Keybinds 0 Fullscreen 2 Font 24/Smallcaps Map View 50x44 Zoom Use 0% Tactical HUD 1 Map Filters NONE Filters NONE Steam 1 RUN: 4be22fe3-7c33-4dff-8664-af3f37f45514